 Dungeon Crawl Stone Soup version 0.28.0 (webtiles) character file.

Game seed: 2548129684655073334

54 growler the Gusty (level 3, -2/19 HPs)
             Began as a Tengu Air Elementalist on Feb 17, 2022.
             Killed from afar by an orc wizard (9 damage)
             ... with a magic dart
             ... on level 3 of the Dungeon.
             The game lasted 00:03:08 (2189 turns).

growler the Gusty (Tengu Air Elementalist)          Turns: 2189, Time: 00:03:08

Health: -2/19      AC:  2    Str:  8    XL:     3   Next: 91%
Magic:  6/8        EV:  9    Int: 17    God:
Gold:   68         SH:  0    Dex: 14    Spells: 4/7 levels left

rFire   . . .      SeeInvis .   (no weapon)
rCold   . . .      Faith    .   (no shield)
rNeg    . . .      Spirit   .   a - +0 robe
rPois   .          Reflect  .   (helmet restricted)
rElec   .          Harm     .   (no cloak)
rCorr   .          Rampage  .   (no gloves)
Will    .....                   (boots unavailable)
Stlth   +.........              (no amulet)
HPRegen 0.06/turn               (no ring)
MPRegen 0.11/turn               (no ring)

@: confused, constricted
A: beak, talons 3
a: no special abilities


You were on level 3 of the Dungeon.
You visited 1 branch of the dungeon, and saw 3 of its levels.

You collected 68 gold pieces.

Inventory:

Armour
 a - a +0 robe (worn)
 e - a scarf of repulsion
   (You found it on level 1 of the Dungeon)
Jewellery
 b - a ring of positive energy
   (You found it on level 1 of the Dungeon)
Scrolls
 c - a scroll of amnesia {unknown}
 d - a scroll of magic mapping {unknown}
 g - 3 scrolls of identify {unknown}
Potions
 f - a potion of heal wounds {unknown}
 h - a potion of curing {unknown}


   Skills:
 - Level 2.1 Dodging
 - Level 2.0 Stealth
 + Level 2.7 Spellcasting
 + Level 2.9 Conjurations
 + Level 4.9 Air Magic


You had 4 spell levels left.
You knew the following spells:

 Your Spells              Type           Power      Damage    Failure   Level
a - Shock                 Conj/Air       60%        1d6       3%          1
d - Static Discharge      Conj/Air       15%        N/A       5%          2

Your spell library contained the following spells:

 Spells                   Type           Power      Damage    Failure   Level
 Swiftness                Air            18%        N/A       8%          3
 Airstrike                Air            9%         N/A       24%         4
 Scorch                   Fire           4%         2d5       26%         2
 Gell's Gravitas          Tloc           2%         N/A       47%         3
 Lesser Beckoning         Tloc           2%         N/A       47%         3
 Teleport Other           Tloc           2%         N/A       47%         3
 Flame Wave               Conj/Fire      7%         2d5       69%         4
 Summon Cactus Giant      Summ           1%         N/A       100%        6


Dungeon Overview and Level Annotations

Branches:
Dungeon (2/15)

Altars:


Innate Abilities, Weirdness & Mutations

You have a beak for a mouth.
You have claws for feet.


Message History

The zap hits the ball python.
You kill the ball python!
An orc wizard comes into view. It is wielding a +0 dagger.
Aim: an orc wizard, wielding a +0 dagger and wearing a +0 robe (wandering, hasn't noticed you, 64% to hit)
You miscast Shock.
You are very lightly contaminated with residual magic.
Nothing appears to happen.
The orc wizard gestures at you while chanting.
The magic dart hits you!
Aim: an orc wizard, wielding a +0 dagger and wearing a +0 robe (64% to hit)
You miscast Shock.
Nothing appears to happen.
Aim: an orc wizard, wielding a +0 dagger and wearing a +0 robe (64% to hit)
The zap hits the orc wizard.
A goblin and a ball python come into view.
The orc wizard gestures at you while chanting.
You are confused.
The goblin shouts!
You bump into the rock wall.
The ball python hisses angrily.
You hear a shout!
The orc wizard hits you with a +0 dagger.
An orc wizard comes into view. It is wielding a +0 dagger.
Found a scroll labelled JAZIERGH KYNNUGG.
The orc wizard shouts!
The orc wizard casts a spell at you. You resist with significant effort.
The orc wizard casts a spell at you.
You are more confused.
The orc wizard gestures at you while chanting.
You are more confused.
You barely miss the orc wizard. Your kick misses the orc wizard.
The orc wizard barely misses you.
You barely miss the orc wizard. Your kick misses the orc wizard.
The orc wizard gestures wildly while chanting.
The orc wizard flickers and vanishes!
Deactivating autopickup; reactivate with Ctrl-A.
Your magical contamination has completely faded away.
The orc wizard points at you and mumbles some strange words.
You are more confused.
You miss something. Your peck misses something.
The ball python barely misses you. The ball python closely misses you.
Something hits you.
* * * LOW HITPOINT WARNING * * *
You bump into the rock wall.
The ball python bites you but does no damage.
The ball python grabs you. The ball python constricts you.
* * * LOW HITPOINT WARNING * * *
You hear some strange, mumbled words.
A magic dart appears from out of thin air!
The magic dart hits you!
You die...

#......##o.####..
####................
....................
...........S.#..#...
............†......
#....###....$....
#..og.g........#
#...#{##..........
#. #@S...#.......
###..##....(..
##...###.†....
#..>..........
#.......##......
...#......# ....
##....###... #..#.
.... ...... ....#


You could see an orc wizard, a goblin and a ball python.

Vanquished Creatures
  An adder (D:2)
  A worm (D:2)
  4 dart slugs
  4 endoplasms
  2 giant cockroaches
  2 goblins
  A hobgoblin (D:2)
  3 jackals (D:1)
  2 kobolds (D:1)
  2 quokkas (D:1)
  4 ball pythons
  2 frilled lizards
  7 rats
35 creatures vanquished.

Notes
Turn   | Place    | Note
-------+----------+-------------------------------------------
     0 | D:1      | growler the Tengu Air Elementalist began the quest for the
                  | Orb.
     0 | D:1      | Reached XP level 1. HP: 10/10 MP: 4/4
   358 | D:1      | Reached XP level 2. HP: 15/15 MP: 3/6
   403 | D:1      | Learned a level 2 spell: Static Discharge
  1109 | D:1      | Reached XP level 3. HP: 19/19 MP: 7/7
  1996 | D:2      | Found a faded altar of an unknown god.
  2131 | D:2      | You fall into a shaft and drop 1 floor!
  2189 | D:3      | Killed from afar by an orc wizard

Illustrated notes

Levels and vault maps discovered:
D:1:      matt_arrival_spirals, layout_rooms, serial_co_window_serial,
          co_window_paths_b, co_window_corner_a, co_window_paths_b,
          co_window_of_opportunity_a, co_window_cross_1, co_window_corner_a,
          co_window_paths_a, co_window_broadway_b, co_window_unsneaky_path_b,
          co_window_corner_b, co_window_of_opportunity_c, co_window_corner_b,
          co_window_4corner_b, glass_columns_c, glass_columns_b,
          minmay_stone_trees_medium
D:2:      layout_basic, ebering_ecumenical_altar_hall, kennysheep_donut,
          minmay_pentomino_u2
D:3:      layout_rooms, uniq_grinder, uniq_terence

Skill      XL: |  1  2 |
---------------+-------+-----
Conjurations   | 2 |  2.9
Dodging        | |  2.1
Stealth        | |  2.0
Spellcasting   | |  2.7
Air Magic      | |  4.9

Action                   || total
-------------------------++-------
Melee: Unarmed           ||    13
       Kick              ||     2
       Peck              ||     2
 Cast: Shock             ||    58
       Static Discharge  ||     4
 Stab: Sleeping          ||     1
Armor: Robe              ||     3
Dodge: Dodged            ||     9
